 Dungeon Crawl Stone Soup version 0.32-a0-711-g016ad743e0 (webtiles) character file.

Game seed: 15643059093131771839

125580 BubbleThief the Spry (level 17, -6/129 HPs)
             Began as a Djinni Hedge Wizard on Mar 15, 2024.
             Was the Champion of Fedhas.
             Mangled by a pharaoh ant (22 damage)
             ... on level 3 of the Spider Nest.
             The game lasted 01:15:59 (26387 turns).

BubbleThief the Spry (Djinni Hedge Wizard)         Turns: 26387, Time: 01:16:00

Health: -6/129     AC: 18    Str:  9    XL:     17   Next: 51%
Gold:   466        EV: 28    Int: 19    God:    Fedhas [******] SH:  7 Dex: 32

rFire   + + .        x - +5 quick blade (venom)
rCold   + . .        F - +0 buckler
rNeg    + . .        X - +5 moon troll leather armour {Spirit, Regen++ MP+5}
rPois   ∞            C - +1 helmet
rElec   .            o - +2 cloak of Valour {Dex+3}
rCorr   .            O - +3 pair of gauntlets of War {Slay+5}
SInv    +            (boots unavailable)
Will    +....        (no amulet)
Stlth   ++++         Z - ring "Ifoivomitt" {rPois rC+ MP+9 Dex+6 SInv}
HPRegen 2.01/turn    T - ring of Recklessness {rC+ rN+ Dex+5}
MPRegen 0.00/turn

%: guardian spirit, infuse magic (-7 HP)
@: forested, flying
A: sickness immunity, fire resistance 2, cold vulnerability 1, float, innate
caster, HP casting, extra vitality 1
a: Renounce Religion, Wall of Briars, Grow Ballistomycete, Overgrow, Grow Oklob


You were on level 3 of the Spider Nest.
You worshipped Fedhas.
Fedhas was exalted by your worship.
You visited 5 branches of the dungeon, and saw 26 of its levels.
You also visited: Sewer, Gauntlet and Volcano.

You collected 2584 gold pieces.
You spent 2118 gold pieces at shops.

Inventory:

Hand Weapons
 x - a +5 quick blade of venom (weapon)
Missiles
 w - 6 throwing nets
Armour
 o - the +2 cloak of Valour (worn) {Dex+3}
   (You bought it in a shop on level 7 of the Dungeon)

   Dex+3:     It affects your dexterity (+3).
 q - a +0 tower shield of protection
 s - +0 ice dragon scales
 v - a +0 kite shield
 C - a +1 helmet (worn)
 F - a +0 buckler (worn)
 O - the +3 pair of gauntlets of War (worn) {Slay+5}
   (You bought it in a shop on level 8 of the Dungeon)

   Slay+5:    It affects your accuracy & damage with ranged weapons and melee
   (+5).
 X - the +5 moon troll leather armour (worn) {Spirit, Regen++ MP+5}
   (You found it on level 5 of the Lair of Beasts)

   MP+5:      It affects your magic capacity (+5).
   Regen++:   It increases your rate of health regeneration.
Jewellery
 j - an amulet of faith
 t - a ring of willpower
 T - the ring of Recklessness (right hand) {rC+ rN+ Dex+5}
   (You found it in a Gauntlet)

   [ring of positive energy]

   Dex+5:     It affects your dexterity (+5).
   rC+:       It protects you from cold.
   rN+:       It protects you from negative energy.
 Z - the ring "Ifoivomitt" (left hand) {rPois rC+ MP+9 Dex+6 SInv}
   (You found it in a Gauntlet)

   [ring of dexterity]

   Dex+6:     It affects your dexterity (+6).
   rC+:       It protects you from cold.
   rPois:     It protects you from poison.
   MP+9:      It affects your magic capacity (+9).
   SInv:      It lets you see invisible.
Wands
 i - a wand of digging (3)
 r - a wand of paralysis (9)
 B - a wand of flame (69)
 H - a wand of polymorph (16)
 U - a wand of iceblast (5)
 W - a wand of acid (7)
Scrolls
 b - 12 scrolls of teleportation
 c - a scroll of revelation
 d - a scroll of fog
 f - 5 scrolls of blinking
 g - 2 scrolls of poison
 h - 4 scrolls of fear
 l - a scroll of vulnerability
 n - 7 scrolls of identify
 y - 3 scrolls of summoning
 L - a scroll of brand weapon
 M - a scroll of enchant armour
Potions
 a - 2 potions of attraction
 e - 3 potions of haste
 k - 5 potions of curing
 m - 8 potions of heal wounds
 p - 3 potions of lignification
 u - 3 potions of enlightenment
 z - 4 potions of mutation
 A - 2 potions of invisibility {unknown}
 G - 5 potions of brilliance
 K - 2 potions of berserk rage
 Q - 3 potions of might
 R - a potion of resistance
 S - a potion of ambrosia
Miscellaneous
 J - a tin of tremorstones (2/2)
 V - a lightning rod (4/4)


   Skills:
 - Level 14.1 Fighting
 - Level 14.4 Short Blades
 - Level 4.0 Armour
 - Level 15.6 Dodging
 - Level 6.0 Stealth
 + Level 3.4 Shields
 - Level 12.0 Spellcasting
 - Level 12.0 Conjurations
 - Level 12.0 Hexes
 - Level 12.0 Summonings
 - Level 12.0 Necromancy
 - Level 12.0 Translocations
 - Level 12.0 Fire Magic
 - Level 12.0 Ice Magic
 - Level 12.0 Air Magic
 - Level 12.0 Earth Magic
 - Level 12.0 Alchemy


You knew the following spells:

 Your Spells              Type           Power      Damage    Failure   Level
a - Magic Dart            Conj           100%       1d8       1%          1
b - Slow                  Hex            100%       N/A       1%          1
c - Blink                 Tloc           100%       N/A       1%          2
d - Call Imp              Summ           100%       N/A       1%          2
e - Mephitic Cloud        Conj/Alch/Air  54%        N/A       1%          3
f - Summon Small Mammal   Summ           100%       N/A       1%          1
g - Scorch                Fire           100%       2d9       1%          2
h - Sigil of Binding      Hex            54%        N/A       1%          3
i - Manifold Assault      Tloc           54%        N/A       1%          4
j - Summon Forest         Summ/Tloc      27%        N/A       2%          5
k - Metabolic Englaciati  Hex/Ice        27%        N/A       2%          5
l - Permafrost Eruption   Ice/Erth       27%        2x4d8     13%         6
m - Starburst             Conj/Fire      27%        6d9       13%         6
Your spell library was empty.

Dungeon Overview and Level Annotations

Branches:
Dungeon (15/15)            Temple (1/1) D:6            Lair (5/5) D:10
  Swamp (0/4) Lair:3       Spider (3/4) Lair:2        Slime (0/5) Lair:5
    Orc (2/2) D:11            Elf (0/3) Orc:2        Vaults (0/5) D:13
 Depths (0/4) D:15          Sewer (visited)         Volcano (visited)
Gauntlet (visited)

Altars:
Ashenzari
Cheibriados
Dithmenos
Elyvilon
Fedhas
Gozag
Hepliaklqana
Makhleb
Nemelex Xobeh
Okawaru
Qazlal
Ru
Trog
Uskayaw
Wu Jian
Xom
Yredelemnul
Zin
The Shining One
Beogh
Jiyva

Shops:
D:1 *=   D:6 [   D:7 [!(   D:8 [   D:10 ?   D:13 [

Annotations:
D:3 3 runed translucent doors, Griffin23's ghost, amateur MiFi; SageDae's ghost, amateur MDFi; souperman1983's ghost, amateur GnSh
Lair:4 2 transporters
Orc:2 3 runed translucent doors, Sobieck's ghost, journeyman CoGl


Innate Abilities, Weirdness & Mutations

You are immune to sickness and miasma.
You are immune to poison.
Your flesh is very heat resistant. (rF++)
You are vulnerable to cold. (rC-)
You float through the air rather than walking.
You learn spells naturally, not from books.
Your magical power is your life essence.
You have superior vitality. (+4 MHP)


Message History

A tarantella comes into view.
The steelbarb worm misses your dryad.
Your dryad misses the culicivora.
Unknown command.
You hit the spark wasp.
The spark wasp looks as sick as possible!
You puncture the spark wasp!
The spark wasp looks as sick as possible!
The spark wasp is moderately wounded.
Trunks creak and shift.
Your snaplasher vine falls limply to the ground.
The spark wasp stings you. The spark wasp shocks you!
The culicivora bites your dryad!!
You barely miss the spark wasp. You hit the spark wasp.
The spark wasp looks as sick as possible!
The spark wasp is heavily wounded.
The emperor scorpion completely misses you.
The emperor scorpion claws you but does no damage. x2
The steelbarb worm misses your dryad.
The culicivora chitters at the wolf spider.
The wolf spider's wounds heal themselves!
Your dryad hits the culicivora! The spark wasp stings you!!
The spark wasp shocks you! The pharaoh ant barely misses you.
You barely miss the spark wasp. You puncture the spark wasp!
The spark wasp looks as sick as possible!
The spark wasp is severely wounded.
A redback comes into view.
You block the emperor scorpion's attack.
The emperor scorpion closely misses you. x2
A culicivora comes into view.
You hit the spark wasp. You miss the spark wasp.
The spark wasp is severely wounded.
A tree reaches out and hits the culicivora!
The redback is hit by a branch!
The culicivora misses your dryad. The spark wasp stings you!
* * * LOW HITPOINT WARNING * * *
The spark wasp shocks you!
* * * LOW HITPOINT WARNING * * *
The pharaoh ant bites you!!
You die...
Fedhas appreciates your contribution to the ecosystem.

. .. . ♣ ♣. #. .#..
!# #. ♣s.^.. ♣#♣
^#.##...#..
♣...##.♣....#.♣
##..<.w.#♣.s...
#..#.#B#s..♣...#
..[...#^.RB#s..#)##
# #♣..##@sB..#... .
#....y#s##..#
#.♣♣♣#........#
..^....###..#
#..#.†s..♣.#
#^#^<♣..#...#
.#†.##.#.##..^.
.#..#†........#.
#...^.#.#..#^##.


You could see an emperor scorpion (very poisoned), a boulder beetle, a spark
wasp (extremely poisoned), a wolf spider, 2 culicivoras, 2 pharaoh ants, a
tarantella, a redback and a friendly dryad (summoned).

Vanquished Creatures
  Arachne (Spider:2)
  Jorgrun (D:13)
  Asterion (Spider:1)
  An emperor scorpion (Spider:2)
  A ghost moth (Spider:2)
  A broodmother (Spider:2)
  A quicksilver ooze (Gauntlet)
  Azrael (Spider:2)
  A minotaur (Gauntlet)
  3 spark wasps (Spider:2)
  2 entropy weavers
  3 boulder beetles
  A radroach (Spider:1)
  5 hydras
  2 catoblepae (Lair:5)
  A jorogumo (Spider:2)
  4 centaur warriors
  5 two-headed ogres
  14 death yaks
  A hell hog (Volcano)
  6 demonic crawlers
  A shadow wraith (D:13)
  6 skeletal warriors
  2 pharaoh ants
  A deep troll (D:13)
  3 orb spiders
  An orc knight (Orc:1)
  Pikel (D:8)
  4 ugly things
  5 steelbarb worms
  6 wolf spiders
  2 cyclopes
  3 kobold blastminers (Orc:1)
  7 manticores
  2 meliai (shapeshifter)
  9 elephants
  3 black mambas
  A meliai (Lair:2)
  2 gargoyles (D:12)
  8 cane toads
  A kobold demonologist (D:12)
  5 torpor snails
  An unseen horror (D:11)
  10 komodo dragons
  4 rime drakes
  An efreet (D:13)
  3 polar bears
  A blink frog (Lair:2)
  6 hornets
  A troll (D:13)
  2 dream sheep (Lair:3)
  16 tarantellas
  13 jumping spiders
  12 culicivoras
  2 spriggans (D:11)
  4 wraiths
  4 wyverns
  42 yaks
  Grum (D:8)
  3 basilisks
  2 shadows (D:12)
  4 fire bats (Volcano)
  A redback (shapeshifter) (D:13)
  2 wargs
  3 steam dragons
  2 vampire mosquitoes (D:14)
  33 redbacks
  An acid dragon (D:13)
  A harpy simulacrum (D:14)
  A naga (shapeshifter) (D:12)
  8 water moccasins
  8 hell hounds
  23 orc warriors
  A swamp drake (D:11)
  A sky beast (shapeshifter) (D:13)
  3 ice beasts
  A sky beast (D:6)
  A black bear (D:5)
  4 ogres
  6 wolves
  5 laughing skulls
  13 centaurs
  3 kobold brigands (D:9)
  15 bullfrogs
  6 gnoll sergeants
  Blork the orc (D:4)
  2 scorpions
  3 wights (D:9)
  10 killer bees
  2 howler monkeys
  3 electric eels
  4 lava snakes (Volcano)
  7 hounds
  3 jellies
  A gnoll bouda (D:6)
  10 orc priests
  Jessica (D:3)
  Terence (D:3)
  4 iguanas
  9 orc wizards
  32 gnolls
  13 adders
  A river rat (D:6)
  2 white imps (D:6)
  2 ufetubi (D:5)
  8 dart slugs
  A ribbon worm (D:2)
  62 orcs
  9 endoplasms
  12 giant cockroaches
  4 goblins
  6 hobgoblins
  5 jackals
  17 kobolds
  4 quokkas
  11 ball pythons
  3 bats
  11 frilled lizards
  3 rats
670 creatures vanquished.

Vanquished Creatures (collateral kills)
  A stone giant (D:15)
  The ghost of Shayle the Fighter, a journeyman CoAl of Ashenzari (D:11)
  An ogre mage (D:15)
  A catoblepas (Lair:5)
  A two-headed ogre (D:15)
  5 death yaks
  A fire crab (Volcano)
  An orc knight (Orc:1)
  2 wolf spiders (Spider:2)
  3 ugly things (D:15)
  A cyclops (D:15)
  9 elephants
  A black mamba (Lair:5)
  A kobold blastminer (Orc:1)
  2 cane toads
  2 molten gargoyles (Volcano)
  A torpor snail (Lair:4)
  4 komodo dragons
  2 polar bears
  A dream sheep (Lair:3)
  2 blink frogs (Lair:2)
  A tarantella (Spider:2)
  2 jumping spiders (Spider:2)
  2 culicivoras (Spider:2)
  14 yaks
  A spriggan (D:11)
  2 basilisks
  2 vampire mosquitoes (D:14)
  3 redbacks (Spider:2)
  3 water moccasins (Lair:2)
  A hell hound (Volcano)
  3 orc warriors
  A laughing skull (Gauntlet)
  2 black bears
  2 ogres (D:15)
  2 killer bees
  A nameless horror (Lair:5)
  A hound (D:4)
  6 orc priests
  6 orc wizards
  A gnoll (D:7)
  3 adders
  A white imp (D:3)
  A ribbon worm (D:2)
  14 orcs
  An endoplasm (D:2)
  A hobgoblin (D:2)
  2 jackals (D:3)
  A quokka (D:2)
  2 ball pythons (D:2)
  5 kobolds
130 creatures vanquished.

Vanquished Creatures (others)
  A torpor snail (Spider:1)
  An orc (D:6)
  A butterfly (D:13)
  15 snaplasher vines
18 creatures vanquished.

Grand Total: 818 creatures vanquished

Notes
Turn   | Place    | Note
-------+----------+-------------------------------------------
     0 | D:1      | BubbleThief the Djinni Hedge Wizard began the quest for the
                  | Orb.
     0 | D:1      | BubbleThief set off with the following spells memorised:
                  | Magic Dart, Slow, Blink, Call Imp, Mephitic Cloud.
     0 | D:1      | Reached XP level 1. HP: 15/15 MP: 0/0
   158 | D:1      | Reached XP level 2. HP: 21/22 MP: 0/0
   188 | D:1      | Reached skill level 1 in Fighting
   275 | D:1      | Found Isem's General Store.
   607 | D:1      | Found Archa's Jewellery Shoppe.
   743 | D:2      | Reached XP level 3. HP: 22/27 MP: 0/0
   743 | D:2      | Learned a level 1 spell: Summon Small Mammal
   833 | D:2      | Identified the ring of Ockec {rC+ Dex+6}
  1343 | D:2      | Reached XP level 4. HP: 26/33 MP: 0/0
  1629 | D:2      | Reached XP level 5. HP: 39/40 MP: 0/0
  1629 | D:2      | Learned a level 2 spell: Scorch
  1930 | D:3      | Found a glowing silver altar of Zin.
  1936 | D:3      | Noticed Jessica
  1941 | D:3      | Killed Jessica
  2036 | D:3      | Found an opulent altar of Gozag.
  2037 | D:3      | Found a sacrificial altar of Ru.
  2038 | D:3      | Found a white marble altar of Elyvilon.
  2038 | D:3      | Found a shadowy altar of Dithmenos.
  2038 | D:3      | Found an iron altar of Okawaru.
  2038 | D:3      | Found a snail-covered altar of Cheibriados.
  2040 | D:3      | Found a shimmering altar of Xom.
  2041 | D:3      | Found a blossoming altar of Fedhas.
  2051 | D:3      | Became a worshipper of Fedhas Madash
  2182 | D:3      | Noticed Terence
  2199 | D:3      | Killed Terence
  2290 | D:3      | Reached XP level 6. HP: 40/46 MP: 0/0
  2592 | D:3      | Found a runed translucent gate.
  2592 | D:3      | Found a runed translucent gate.
  2592 | D:3      | Found a runed translucent gate.
  2593 | D:3      | Noticed SageDae's ghost (amateur MDFi)
  2594 | D:3      | Noticed Griffin23's ghost (amateur MiFi)
  2594 | D:3      | Noticed souperman1983's ghost (amateur GnSh)
  3221 | D:4      | Noticed Blork the orc
  3229 | D:4      | Killed Blork the orc
  3230 | D:4      | Reached XP level 7. HP: 32/53 MP: 0/0
  3230 | D:4      | Learned a level 3 spell: Sigil of Binding
  3376 | D:4      | Reached * piety under Fedhas
  3714 | D:5      | Entered Level 5 of the Dungeon
  3822 | D:5      | Reached skill level 5 in Fighting
  3822 | D:5      | Reached skill level 5 in Spellcasting
  3822 | D:5      | Reached skill level 5 in Conjurations
  3822 | D:5      | Reached skill level 5 in Hexes
  3822 | D:5      | Reached skill level 5 in Summonings
  3822 | D:5      | Reached skill level 5 in Necromancy
  3822 | D:5      | Reached skill level 5 in Translocations
  3822 | D:5      | Reached skill level 5 in Fire Magic
  3822 | D:5      | Reached skill level 5 in Ice Magic
  3822 | D:5      | Reached skill level 5 in Air Magic
  3822 | D:5      | Reached skill level 5 in Earth Magic
  3822 | D:5      | Reached skill level 5 in Alchemy
  4054 | D:5      | Reached XP level 8. HP: 4/61 MP: 0/0
  4643 | D:6      | Found a staircase to the Ecumenical Temple.
  4664 | D:5      | HP: 3/61 [gnoll/+0 whip of freezing (2)]
  5005 | D:6      | Found a glowing drain.
  5009 | Sewer    | Entered a sewer
  5097 | Sewer    | Reached ** piety under Fedhas
  5194 | Sewer    | Reached skill level 3 in Dodging
  5378 | Sewer    | Reached *** piety under Fedhas
  5638 | D:6      | Reached skill level 4 in Dodging
  5761 | D:6      | Reached XP level 9. HP: 49/67 MP: 0/0
  5761 | D:6      | Learned a level 4 spell: Manifold Assault
  6096 | D:6      | Found Palae's Antique Armour Shoppe.
  6121 | D:6      | Reached skill level 5 in Dodging
  6592 | D:6      | Reached **** piety under Fedhas
  6821 | D:6      | Reached skill level 6 in Dodging
  7026 | Temple   | Entered the Ecumenical Temple
  7172 | D:7      | Found Jiporyaf's Antique Weapon Boutique.
  7276 | D:7      | Found Qerix's Distillery.
  7625 | D:7      | Reached skill level 1 in Short Blades
  7699 | D:7      | Reached XP level 10. HP: 73/76 MP: 0/0
  7887 | D:7      | Found Reamal's Antique Armour Emporium.
  7922 | D:7      | Bought a twisted leather armour for 182 gold pieces
  7922 | D:7      | Identified the +0 leather armour of the Bespelling Gods
                  | {rC- rCorr SInv} (You bought it in a shop on level 7 of the
                  | Dungeon)
  7922 | D:7      | Bought an ichor-stained leather armour for 182 gold pieces
  7922 | D:7      | Identified the +6 leather armour of the Cockroach {*Corrode
                  | Dex+6} (You bought it in a shop on level 7 of the Dungeon)
  7974 | D:7      | You are sucked into a shaft and drop 3 floors!
  7974 | D:10     | Entered Level 10 of the Dungeon
  8040 | D:10     | Found a staircase to the Lair.
  8247 | D:10     | Found a sparkling altar of Nemelex Xobeh.
  8269 | D:10     | Found Ulump's Magic Scroll Boutique.
  8269 | D:10     | Noticed a two-headed ogre
  8346 | D:9      | Reached ***** piety under Fedhas
  8356 | D:9      | Reached skill level 5 in Short Blades
  9046 | D:9      | Identified the +0 robe "Wuddoimi" {Rampage *Corrode rElec
                  | rPois}
  9292 | D:8      | Found a stormy altar of Qazlal.
  9373 | D:8      | Noticed Grum
  9383 | D:8      | Killed Grum
  9453 | D:8      | Reached XP level 11. HP: 67/81 MP: 0/0
  9453 | D:8      | Learned a level 5 spell: Summon Forest
  9681 | D:8      | Found Goegim's Armour Boutique.
  9684 | D:8      | Noticed Pikel
  9693 | D:8      | Killed Pikel
 10430 | D:10     | Noticed a two-headed ogre
 10439 | D:10     | Killed a two-headed ogre
 10716 | D:10     | Killed a two-headed ogre
 11258 | D:11     | Noticed a manticore
 11275 | D:11     | Killed a manticore
 11276 | D:11     | Reached skill level 10 in Short Blades
 11290 | D:11     | Noticed a manticore
 11297 | D:11     | Killed a manticore
 11453 | D:11     | Reached ****** piety under Fedhas
 11493 | D:11     | Found a staircase to the Orcish Mines.
 11729 | D:11     | Found a runed translucent door.
 11734 | D:11     | Noticed Shayle's ghost (journeyman CoAl)
 11739 | D:11     | Noticed a spriggan rider
 11763 | D:11     | Reached XP level 12. HP: 68/87 MP: 0/0
 11764 | D:11     | Reached skill level 1 in Armour
 11857 | D:11     | Identified the +9 spear of Sequestration {protect, rN+
                  | Int+6}
 12137 | Orc:1    | Entered Level 1 of the Orcish Mines
 12320 | Orc:2    | Entered Level 2 of the Orcish Mines
 12320 | Orc:2    | Found a staircase to the Elven Halls.
 13425 | Orc:2    | Found a runed translucent gate.
 13425 | Orc:2    | Found a runed translucent gate.
 13425 | Orc:2    | Found an iron altar of Okawaru.
 13425 | Orc:2    | Found a runed translucent gate.
 13425 | Orc:2    | Noticed Sobieck's ghost (journeyman CoGl)
 13425 | Orc:2    | Noticed a stone giant
 13427 | Orc:2    | Found a roughly hewn altar of Beogh.
 13626 | Orc:1    | Reached skill level 7 in Dodging
 14076 | D:8      | Bought the +3 pair of gauntlets of War {Slay+5} for 712
                  | gold pieces
 14076 | D:8      | Found the +3 pair of gauntlets of War {Slay+5}
 14113 | D:7      | Bought a crude cloak for 247 gold pieces
 14113 | D:7      | Identified the +2 cloak of Valour {Dex+3} (You bought it in
                  | a shop on level 7 of the Dungeon)
 14184 | Lair:1   | Entered Level 1 of the Lair of Beasts
 14627 | Lair:1   | You are sucked into a shaft and drop 1 floor!
 14633 | Lair:2   | Reached skill level 10 in Fighting
 14633 | Lair:2   | Reached skill level 10 in Spellcasting
 14633 | Lair:2   | Reached skill level 10 in Conjurations
 14633 | Lair:2   | Reached skill level 10 in Hexes
 14633 | Lair:2   | Reached skill level 10 in Summonings
 14633 | Lair:2   | Reached skill level 10 in Necromancy
 14633 | Lair:2   | Reached skill level 10 in Translocations
 14633 | Lair:2   | Reached skill level 10 in Fire Magic
 14633 | Lair:2   | Reached skill level 10 in Ice Magic
 14633 | Lair:2   | Reached skill level 10 in Air Magic
 14633 | Lair:2   | Reached skill level 10 in Earth Magic
 14633 | Lair:2   | Reached skill level 10 in Alchemy
 14672 | Lair:2   | Reached XP level 13. HP: 77/96 MP: 0/0
 14672 | Lair:2   | Learned a level 5 spell: Metabolic Englaciation
 14677 | Lair:2   | Reached skill level 8 in Dodging
 14934 | Lair:2   | Found a hole to the Spider Nest.
 14980 | Lair:2   | Reached skill level 9 in Dodging
 15036 | Lair:2   | Noticed a six-headed hydra
 15052 | Lair:2   | Killed a six-headed hydra
 15052 | Lair:2   | Noticed a seven-headed hydra
 15062 | Lair:2   | Killed a seven-headed hydra
 15511 | Lair:3   | Found a dark tunnel.
 15542 | Volcano  | Entered a volcano
 15815 | Volcano  | Found a burning altar of Makhleb.
 15866 | Volcano  | Reached skill level 10 in Dodging
 16258 | Lair:3   | Reached XP level 14. HP: 102/106 MP: 0/0
 16631 | Lair:3   | Found a staircase to the Swamp.
 16925 | Lair:4   | Found a transporter.
 17114 | Lair:4   | Reached skill level 11 in Dodging
 17761 | Lair:4   | Found a transporter.
 18136 | Lair:5   | Entered Level 5 of the Lair of Beasts
 18235 | Lair:5   | Reached skill level 12 in Dodging
 18409 | Lair:5   | Reached XP level 15. HP: 62/114 MP: 0/0
 18409 | Lair:5   | Learned a level 6 spell: Permafrost Eruption
 19140 | Lair:5   | Found a viscous altar of Jiyva.
 19141 | Lair:5   | Found a staircase to the Slime Pits.
 19845 | Lair:5   | Reached skill level 5 in Stealth
 19856 | Lair:5   | Found the +5 moon troll leather armour {Spirit, Regen++
                  | MP+5}
 20433 | D:11     | Reached skill level 13 in Dodging
 20439 | D:11     | Killed Shayle's ghost
 20591 | D:12     | Found a gate leading to a gauntlet.
 20601 | Gauntlet | Entered a Gauntlet
 20601 | Gauntlet | Found a transporter.
 20611 | Gauntlet | Found a transporter.
 20626 | Gauntlet | Found a transporter.
 20631 | Gauntlet | Found a transporter.
 20653 | Gauntlet | Found a transporter.
 20667 | Gauntlet | Found a transporter.
 20669 | Gauntlet | Noticed a quicksilver ooze
 20679 | Gauntlet | Found a transporter.
 20690 | Gauntlet | Found the amulet of Vitality {Regen++ RegenMP++}
 20691 | Gauntlet | Found a transporter.
 20703 | Gauntlet | Found a transporter.
 20715 | Gauntlet | Found a transporter.
 20732 | Gauntlet | Found a transporter.
 20749 | Gauntlet | Found a transporter.
 20751 | Gauntlet | Found a transporter.
 20800 | Gauntlet | Found a transporter.
 20809 | Gauntlet | Found a transporter.
 20811 | Gauntlet | Found a transporter.
 20815 | Gauntlet | Found a transporter.
 20853 | Gauntlet | Found a transporter.
 20915 | Gauntlet | Identified the ring "Ifoivomitt" {rPois rC+ MP+9 Dex+6
                  | SInv}
 20920 | Gauntlet | Identified the amulet "Zaun" {Faith Int+4}
 20942 | Gauntlet | Killed a quicksilver ooze
 20967 | Gauntlet | Identified the ring of Contentment {rPois rN+ Str+4 Dex+4}
 21038 | Gauntlet | Identified the ring of Recklessness {rC+ rN+ Dex+5}
 21777 | D:13     | Found a white marble altar of Elyvilon.
 21857 | D:13     | Noticed Jorgrun
 21865 | D:13     | Killed Jorgrun
 22176 | D:13     | Reached skill level 14 in Dodging
 22176 | D:13     | Reached XP level 16. HP: 114/123 MP: 0/0
 22369 | D:13     | Found Waurhiam's Armour Shop.
 22677 | D:13     | Found a gate to the Vaults.
 22725 | D:14     | Found an opulent altar of Gozag.
 23114 | D:15     | Entered Level 15 of the Dungeon
 23160 | D:15     | Found a staircase to the Depths.
 23943 | D:7      | Bought a battleaxe for 240 gold pieces
 23943 | D:7      | Bought a quick blade for 555 gold pieces
 24116 | Spider:1 | Entered Level 1 of the Spider Nest
 24138 | Lair:2   | Reached skill level 15 in Dodging
 24545 | Spider:1 | Noticed Asterion
 24554 | Spider:1 | Killed Asterion
 25137 | Spider:2 | Noticed an emperor scorpion
 25143 | Spider:2 | Killed an emperor scorpion
 25209 | Spider:2 | Noticed Azrael
 25227 | Spider:2 | Killed Azrael
 25228 | Spider:2 | Reached XP level 17. HP: 124/129 MP: 0/0
 25228 | Spider:2 | Learned a level 6 spell: Starburst
 25759 | Spider:2 | Noticed Arachne
 25773 | Spider:2 | Killed Arachne
 26022 | Spider:2 | Reached skill level 1 in Shields
 26387 | Spider:3 | Mangled by a pharaoh ant

Illustrated notes

Levels and vault maps discovered:
D:1:      dpeg_arrival_pond, layout_basic, serial_shops, shop, shop, nrook_uturn
D:2:      layout_basic, minmay_split_cup_large
D:3:      layout_rooms, minitemple, gammafunk_ghost_cemetery,
          grunt_decor_mini_mirrors, uniq_jessica, uniq_terence
D:4:      layout_rooms, uniq_blork_the_orc
D:5:      layout_basic
D:6:      layout_cave_pools, minmay_temple_entry_tees, gup_sewer_entry_spiral,
          serial_gnoll_camp, gnoll_camp_huts_moat, gnoll_camp_mini_house,
          gnoll_camp_mini_hut, gnoll_camp_mini_shop, minmay_circle_x
D:7:      layout_basic, serial_shops, kennysheep_mini, nicolae_shop_peninsula,
          nicolae_shop_temple_entry_statues_fountains, minmay_strange_pillars
D:8:      layout_rooms, mainiacjoe_overflow_tiny_flanked, serial_shops,
          nicolae_shop_tiny_waterfront, hex_tiny, minmay_misc_feat_columns,
          uniq_grum, uniq_pikel
D:9:      layout_loops_corners, minmay_misc_feat_nine_boxes
D:10:     layout_basic, nemelex_xobeh_ov_fountains_minmay,
          erik_lair_orcish_takeover, serial_shops, shop, nrook_campfire
D:11:     layout_rooms, erik_orc_1, ebering_ghost_funeral_grove
D:12:     layout_cave_pods, gauntlet_entry_generic, nicolae_titane
D:13:     layout_roguey, david_vaults_4, serial_rivers,
          chequers_serial_rivers_room_b, chequers_serial_rivers_room_b,
          chequers_serial_rivers_micro_a, chequers_serial_rivers_small_b,
          chequers_serial_rivers_micro_d, serial_shops, nicolae_shop_peninsula,
          nicolae_elyvilon_peaceful_grove, uniq_jorgrun
D:14:     layout_stronghold, grunt_gozag_breadcrumbs, serial_shops,
          nicolae_shop_tiny_glass
D:15:     grunt_enter_depths_giant_problem, layout_irregular_city
Temple:   nicolae_temple_ecumenical_triangle
Lair:1:   layout_gridlike, patterned_corridor
Lair:2:   layout_concentric_octagons, hellmonk_spider_entry_not_the_bees,
          grunt_megastairs_4
Lair:3:   layout_chaotic_city, swamp_mist, enter_volcano_3, lemuel_fruit_tree
Lair:4:   gammafunk_worm_tunnel, layout_big_grid, serial_bayou_lagoon_a,
          serial_bayou_shore_b
Lair:5:   evilmike_catoblepas_cave, layout_gridlike, dpeg_slime_entry_enclosed
Spider:1: layout_spider_delve, uniq_asterion
Spider:2: layout_chambers, nicolae_spider_paper_wasps, uniq_arachne, uniq_azrael
Spider:3: layout_spider_delve
Orc:1:    cheibrodos_orc_arena, layout_diamond_mine, lightli_orcish_oven
Orc:2:    grunt_orc_tribal_feast, layout_diamond_mine,
          gammafunk_ghost_fury_of_okawaru, basic_altar

Skill      XL: |  1  2  3  4  5  6  7  8  9 10 11 12 13 14 15 16 17 |
---------------+----------------------------------------------------+-----
Fighting       | 1 2 3 4 5 6 8 10 11 13 14 | 14.1
Spellcasting   | 4 5 6 7 9 10 11 12 | 12.0
Conjurations   | 4 5 6 7 9 10 11 12 | 12.0
Hexes          | 4 5 6 7 9 10 11 12 | 12.0
Summonings     | 4 5 6 7 9 10 11 12 | 12.0
Necromancy     | 4 5 6 7 9 10 11 12 | 12.0
Translocations | 4 5 6 7 9 10 11 12 | 12.0
Fire Magic     | 4 5 6 7 9 10 11 12 | 12.0
Ice Magic      | 4 5 6 7 9 10 11 12 | 12.0
Air Magic      | 4 5 6 7 9 10 11 12 | 12.0
Earth Magic    | 4 5 6 7 9 10 11 12 | 12.0
Alchemy        | 4 5 6 7 9 10 11 12 | 12.0
Dodging        | 4 6 7 10 12 14 15 | 15.6
Short Blades   | 1 8 10 13 14 | 14.4
Armour         | 4 |  4.0
Stealth        | 3 6 |  6.0
Shields        | 3 |  3.4

Action                     |  1- 3 |  4- 6 |  7- 9 | 10-12 | 13-15 | 16-18 || total
---------------------------+-------+-------+-------+-------+-------+-------++-------
  Melee: War axe           |    14 |    19 |     1 |       |       |       ||    34
         Falchion          |       |       |    16 |       |       |       ||    16
         Dagger            |       |       |     4 |   579 |   799 |   188 ||  1570
         Quick blade       |       |       |       |       |       |   840 ||   840
   Cast: Magic Dart        |    47 |    31 |    78 |    19 |     8 |       ||   183
         Call Imp          |     8 |    17 |    20 |     3 |     2 |       ||    50
         Summon Small Mamm |     4 |     4 |     2 |       |       |       ||    10
         Scorch            |       |    34 |   217 |    54 |     7 |       ||   312
         Mephitic Cloud    |       |     1 |       |    55 |    28 |    14 ||    98
         Manifold Assault  |       |       |       |    18 |     2 |     2 ||    22
         Summon Forest     |       |       |       |    15 |    41 |    15 ||    71
         Metabolic Englaci |       |       |       |       |    27 |     5 ||    32
         Permafrost Erupti |       |       |       |       |    15 |     1 ||    16
         Slow              |       |       |       |       |     1 |     2 ||     3
  Evoke: Wand              |       |       |       |     1 |       |       ||     1
         Lightning rod     |       |       |       |       |     4 |       ||     4
    Use: Scroll            |       |       |     6 |     8 |     8 |    10 ||    32
         Potion            |       |       |     2 |       |       |       ||     2
   Stab: Confused          |       |       |       |    74 |    38 |    24 ||   136
         Sleeping          |       |       |       |     7 |    11 |    14 ||    32
         Distracted        |       |       |       |     6 |    16 |     8 ||    30
 Armour: Leather armour    |    29 |    15 |       |   151 |   165 |       ||   360
         Robe              |       |    38 |   105 |     5 |       |       ||   148
         Troll leather arm |       |       |       |       |    64 |   246 ||   310
  Dodge: Dodged            |    18 |    39 |   103 |   250 |   502 |   809 ||  1721
  Block: Buckler           |       |       |       |       |       |     9 ||     9

Table legend: (Time is in decaauts)
 A = Elapsed time spent in this place.
 B = Non-inter-level travel time spent in this place.
 C = Inter-level travel time spent in this place.
 D = Time resting spent in this place.
 E = Time spent auto-exploring this place.
 F = Levels seen in this place.
 G = Mean time per level.
                   A        B        C        D        E       F      G
               +--------+--------+--------+--------+--------+-----+--------+
         Total |  25568 |  24279 |   1289 |   1316 |  16951 |  29 |  881.7 |
       Dungeon |  14951 |  14061 |    890 |   1139 |   9783 |  15 |  996.7 |
        Temple |      1 |      1 |      0 |      0 |      0 |   1 |    1.0 |
          Lair |   5506 |   5328 |    178 |     67 |   4166 |   5 | 1101.2 |
   Spider Nest |   2027 |   1908 |    119 |      0 |   1372 |   3 |  675.7 |
  Orcish Mines |   1743 |   1642 |    101 |     15 |   1104 |   2 |  871.5 |
         Sewer |    404 |    404 |      0 |     39 |    135 |   1 |  404.0 |
       Volcano |    505 |    505 |      0 |     41 |    321 |   1 |  505.0 |
      Gauntlet |    427 |    427 |      0 |     15 |     70 |   1 |  427.0 |
               +--------+--------+--------+--------+--------+-----+--------+

Top non-repeatable levels by time:
  Lair:5: 1818 daAuts
     D:6: 1787 daAuts
    D:10: 1449 daAuts
     D:7: 1249 daAuts
     D:2: 1211 daAuts
Spider:2: 1210 daAuts
  Lair:4: 1183 daAuts
   Orc:1: 1166 daAuts
     D:3: 1161 daAuts
     D:5: 1143 daAuts
     D:9: 1098 daAuts
    D:13: 926 daAuts
  Lair:3: 903 daAuts
    D:11: 870 daAuts
  Lair:2: 841 daAuts
